WCHLSIM.com - West Coast Hockey League
html PUBLIC "-//W3C//DTD XHTML 1.0 Transitional//EN" "http://www.w3.org/TR/xhtml1/DTD/xhtml1-transitional.dtd"> WCHL - Game 168 - TEXAS TOROS vs OAKLAND GORILLAS

TEXAS TOROS vs OAKLAND GORILLAS

Created - 6 décembre 2020 at 20:23

Goals
1 2 3 T
TEXAS TOROS 0 0 1 1
OAKLAND GORILLAS 1 0 2 3
Shots
1 2 3 T
TEXAS TOROS 3 3 7 13
OAKLAND GORILLAS 15 7 9 31

1st period

1. OAKLAND GORILLAS , Brady Tkachuk 6 (James Neal 8, Nico Hischier 9) at 17:28 (PP)

Penalties :
David Savard (TEX) for Holding (Minor) at 7:10, Dale Weise (TEX) for Interference (Minor) at 13:41, Nick Cousins (TEX) for Boarding (Minor) at 16:54, Madison Bowey (TEX) for Slashing (Minor) at 18:01

2nd period

No Goal

Penalties :
Michael Dal Colle (OAK) for Roughing (Minor) at 15:10, Jake Virtanen (TEX) for Holding (Minor) at 15:20, Dante Fabbro (TEX) for Holding (Minor) at 17:30

3rd period

2. OAKLAND GORILLAS , Devin Shore 1 (Michael Dal Colle 1, Jakob Chychrun 4) at 6:02
3. OAKLAND GORILLAS , Nico Hischier 7 (Brady Tkachuk 10, James Neal 9) at 11:00
4. TEXAS TOROS , Nazem Kadri 4 (Jake Virtanen 5, Dmitry Kulikov 1) at 17:14

Penalties :
John Quenneville (TEX) for Cross-checking (Minor) at 7:09

Goalie Stats

Mikko Koskinen (TEX), 28 saves from 31 shots - (0,903), L, 4-4-0, 60:00 minutes
Louis Domingue (OAK), 12 saves from 13 shots - (0,923), W, 2-1-1, 60:00 minutes

Players Stats for TEXAS TOROS

Player Name              G  A  P  +/- PIM S  H  SB GA TA FO     MP     PP MP  PK MP  
------------------------------------------------------------------------------------
Barrett Hayton           0  0  0  -1  0   0  0  0  0  0  1/6    12:43   0:00   1:02 
Braydon Coburn           0  0  0  -1  0   0  2  2  0  0  0/0    15:00   0:00   0:01 
Brock McGinn             0  0  0   0  0   2  0  0  0  0  0/2    18:37   0:10   0:00 
Conor Sheary             0  0  0  -1  0   0  1  0  0  0  0/0    16:29   0:00   0:00 
Dale Weise               0  0  0  -1  2   0  3  0  0  0  0/2    12:55   0:00   0:00 
Dante Fabbro             0  0  0   0  2   0  0  0  0  0  0/0     4:54   0:00   0:11 
David Savard             0  0  0  -1  2   1  1  2  0  0  0/0    22:40   0:10   4:00 
Dmitry Kulikov           0  1  1   1  0   0  1  0  0  0  0/0    21:20   0:00   5:39 
Jake Virtanen            0  1  1   1  2   1  1  0  0  0  0/6    14:17   0:09   5:00 
Jeremy Lauzon            0  0  0   0  0   0  0  0  0  0  0/0     0:00   0:00   0:00 
John Quenneville         0  0  0   0  2   0  3  0  0  0  2/9    11:48   0:00   0:00 
Madison Bowey            0  0  0   1  2   0  1  2  0  0  0/0    19:25   0:00   4:21 
Nazem Kadri              1  0  1   1  0   1  2  0  0  0  14/23  24:21   0:10   5:29 
Nick Cousins             0  0  0  -1  2   3  3  1  0  0  0/1    21:35   0:00   4:50 
Sven Baertschi           0  0  0   0  0   1  0  0  0  0  0/1    11:49   0:00   0:00 
Tyson Barrie             0  0  0  -1  0   1  0  1  0  0  0/0    21:30   0:10   4:59 
Valtteri Filppula        0  0  0  -1  0   2  0  0  0  0  10/16  22:21   0:00   4:57 
Vince Dunn               0  0  0  -1  0   1  3  1  0  0  0/0    15:41   0:00   2:07 

Players Stats for OAKLAND GORILLAS

Player Name              G  A  P  +/- PIM S  H  SB GA TA FO     MP     PP MP  PK MP  
------------------------------------------------------------------------------------
Alexander Nylander       0  0  0   0  0   3  0  0  0  0  0/0    13:56   0:00   0:00 
Andreas Johnsson         0  0  0   0  0   3  0  0  0  0  0/0    18:48   4:26   0:00 
Brady Tkachuk            1  1  2   0  0   5  3  0  0  0  0/2    21:25   6:13   0:04 
Cedric Paquette          0  0  0   0  0   1  2  0  0  0  9/11   14:02   0:00   0:06 
Colin White              0  0  0   0  0   3  0  0  0  0  9/20   18:48   4:26   0:00 
Devin Shore              1  0  1   1  0   1  1  0  0  0  1/2     5:13   0:00   0:00 
Erik Gudbranson          0  0  0  -1  0   1  3  1  0  0  0/0    19:00   5:29   0:00 
Filip Hronek             0  0  0   1  0   1  0  1  0  0  0/0    25:03   5:10   0:10 
Jakob Chychrun           0  1  1   1  0   1  1  1  0  0  0/0    21:58   5:29   0:00 
James Neal               0  2  2   0  0   1  1  0  0  0  1/1    20:42   6:13   0:06 
John Moore               0  0  0  -1  0   0  0  1  0  0  0/0    12:59   0:00   0:00 
Jonathan Drouin          0  0  0   0  0   2  0  0  0  0  1/3    13:56   0:00   0:00 
Michael Dal Colle        0  1  1   1  2   0  0  0  0  0  0/0     5:12   0:00   0:00 
Miles Wood               0  0  0   1  0   0  0  0  0  0  0/1     5:13   0:00   0:00 
Nick Leddy               0  0  0   1  0   0  1  1  0  0  0/0    25:03   5:10   0:10 
Nico Hischier            1  1  2   0  0   4  0  1  0  0  16/22  21:25   6:13   0:04 
Nikita Zadorov           0  0  0   1  0   0  3  1  0  0  0/0    15:57   0:00   0:00 
Tyler Toffoli            0  0  0   0  0   5  0  0  0  0  2/4    19:20   4:26   0:00 

3 Stars

1 - Brady Tkachuk (OAK)
2 - Nico Hischier (OAK)
3 - Devin Shore (OAK)

Power Play

TEXAS TOROS - 0 on 1 Attempt(s) - 0,00%
OAKLAND GORILLAS - 1 on 7 Attempt(s) - 14,29%

Penalty Kill

TEXAS TOROS - 6 on 7 Attempt(s) - 85,71% - Score 0 goal in Penalty Kill
OAKLAND GORILLAS - 1 on 1 Attempt(s) - 100,00% - Score 0 goal in Penalty Kill

Team Stat

TEXAS TOROS - Hits : 21 - Faceoff Wins : 27 - Blocked Shots : 9 - Penalty Minutes : 14
OAKLAND GORILLAS - Hits : 15 - Faceoff Wins : 39 - Blocked Shots : 7 - Penalty Minutes : 2

Official

Referees : Jon McIsaac and Chris Schlenker
Linesman : Steven Walsh and Shaun Morgan

Game Notes

No Game Note

Finance

Level 1 -- Attendance: 6000 (100,00%) -- Ticket Income 660 000 $
Level 2 -- Attendance: 5000 (100,00%) -- Ticket Income 350 000 $
Level 3 -- Attendance: 2000 (100,00%) -- Ticket Income 80 000 $
Level 4 -- Attendance: 4000 (100,00%) -- Ticket Income 120 000 $
Luxury Box -- Attendance: 1000 (100,00%) -- Ticket Income 205 000 $
Total Attendance: 18000 (100,00%)
Total Ticket Income: 1 415 000 $
Other Income: 495 250 $
Total Income: 1 910 250 $

TEXAS TOROS

5 vs 5 Forward 
   Center                   Left Wing                Right Wing               Time % Phy DF OF 
 1 Nazem Kadri              Brock McGinn             Jake Virtanen            36     1   2  2  
 2 Valtteri Filppula        Nick Cousins             Conor Sheary             31     1   2  2  
 3 Barrett Hayton           Brock McGinn             Dale Weise               23     1   2  2  
 4 John Quenneville         Sven Baertschi           Nazem Kadri              10     1   2  2  

5 vs 5 Defense 
   Defense                  Defense                                           Time % Phy DF OF 
 1 David Savard             Tyson Barrie                                      36     1   2  2  
 2 Dmitry Kulikov           Madison Bowey                                     31     1   2  2  
 3 Braydon Coburn           Vince Dunn                                        23     1   2  2  
 4 Dante Fabbro             David Savard                                      10     1   2  2  

PowerPlay Forward 
   Center                   Left Wing                Right Wing               Time % Phy DF OF 
 1 Nazem Kadri              Brock McGinn             Jake Virtanen            55     1   2  2  
 2 Valtteri Filppula        Nick Cousins             Conor Sheary             45     1   2  2  

PowerPlay Defense
   Defense                  Defense                                           Time % Phy DF OF 
 1 David Savard             Tyson Barrie                                      55     1   2  2  
 2 Dmitry Kulikov           Madison Bowey                                     45     1   2  2  

Penalty Kill 4 Players Forward 
   Center                   Wing                     Time % Phy DF OF 
 1 Nazem Kadri              Valtteri Filppula        55     1   2  2  
 2 Jake Virtanen            Nick Cousins             45     1   2  2  

Penalty Kill 4 Players Defense
   Defense                  Defense                  Time % Phy DF OF 
 1 David Savard             Tyson Barrie             55     1   2  2  
 2 Dmitry Kulikov           Madison Bowey            45     1   2  2  

Penalty Kill - 3 Players Forward 
   Forward                                           Time % Phy DF OF 
 1 Nazem Kadri                                       55     1   2  2  
 2 Valtteri Filppula                                 45     1   2  2  

Penalty Kill - 3 Players Defense
   Defense                  Defense                  Time % Phy DF OF 
 1 David Savard             Tyson Barrie             55     1   2  2  
 2 Dmitry Kulikov           Madison Bowey            45     1   2  2  

4 vs 4 Forward 
   Center                   Wing                     Time % Phy DF OF 
 1 Nazem Kadri              Valtteri Filppula        55     1   2  2  
 2 Jake Virtanen            Brock McGinn             45     1   2  2  

4 vs 4 Defense
   Defense                  Defense                  Time % Phy DF OF 
 1 David Savard             Tyson Barrie             55     1   2  2  
 2 Dmitry Kulikov           Madison Bowey            45     1   2  2  

Last Minutes Offensive
   Center                   Left Wing                Right Wing               Defense                  Defense                  
   Nazem Kadri              Valtteri Filppula        Jake Virtanen            David Savard             Tyson Barrie             

Last Minutes Defensive
   Center                   Left Wing                Right Wing               Defense                  Defense                  
   Nazem Kadri              Valtteri Filppula        Jake Virtanen            David Savard             Tyson Barrie             

Goaltenders
Starting : Mikko Koskinen           
Backup : Cory Schneider           

Extra Forwards
Normal : Brock McGinn, Dale Weise, Barrett Hayton - PP : Brock McGinn, Dale Weise - PK : Barrett Hayton
Extra Defensemen
Normal : Braydon Coburn, Vince Dunn, Dante Fabbro - PP : Braydon Coburn - PK : Vince Dunn, Dante Fabbro
Penalty Shots
Nazem Kadri, Valtteri Filppula, Jake Virtanen, Dale Weise, Nick Cousins
Custom OT Lines Forwards
Nazem Kadri, Valtteri Filppula, Jake Virtanen, John Quenneville, Nick Cousins, Conor Sheary, Brock McGinn, Dale Weise, Barrett Hayton, Sven Baertschi
Custom OT Lines Defensemen
David Savard, Tyson Barrie, Dmitry Kulikov, Madison Bowey, Braydon Coburn

Scratches
Aaron Ekblad (Suspend)

OAKLAND GORILLAS

5 vs 5 Forward 
   Center                   Left Wing                Right Wing               Time % Phy DF OF 
 1 Nico Hischier            Brady Tkachuk            James Neal               29     1   2  2  
 2 Colin White              Andreas Johnsson         Tyler Toffoli            29     1   2  2  
 3 Cedric Paquette          Jonathan Drouin          Alexander Nylander       29     1   2  2  
 4 Devin Shore              Miles Wood               Michael Dal Colle        13     1   1  2  

5 vs 5 Defense 
   Defense                  Defense                                           Time % Phy DF OF 
 1 Filip Hronek             Nick Leddy                                        36     1   2  2  
 2 Jakob Chychrun           Nikita Zadorov                                    33     1   2  2  
 3 Erik Gudbranson          John Moore                                        21     1   2  2  
 4 Filip Hronek             Nick Leddy                                        10     1   2  2  

PowerPlay Forward 
   Center                   Left Wing                Right Wing               Time % Phy DF OF 
 1 Nico Hischier            Brady Tkachuk            James Neal               55     1   2  2  
 2 Colin White              Andreas Johnsson         Tyler Toffoli            45     1   2  2  

PowerPlay Defense
   Defense                  Defense                                           Time % Phy DF OF 
 1 Filip Hronek             Nick Leddy                                        60     1   2  2  
 2 Jakob Chychrun           Erik Gudbranson                                   40     1   2  2  

Penalty Kill 4 Players Forward 
   Center                   Wing                     Time % Phy DF OF 
 1 Nico Hischier            Brady Tkachuk            50     1   2  2  
 2 Cedric Paquette          James Neal               50     1   2  2  

Penalty Kill 4 Players Defense
   Defense                  Defense                  Time % Phy DF OF 
 1 Filip Hronek             Nick Leddy               50     1   2  2  
 2 Jakob Chychrun           Erik Gudbranson          50     1   2  2  

Penalty Kill - 3 Players Forward 
   Forward                                           Time % Phy DF OF 
 1 Cedric Paquette                                   55     1   2  2  
 2 Brady Tkachuk                                     45     1   2  2  

Penalty Kill - 3 Players Defense
   Defense                  Defense                  Time % Phy DF OF 
 1 Filip Hronek             Nick Leddy               55     1   2  2  
 2 Jakob Chychrun           Erik Gudbranson          45     1   2  2  

4 vs 4 Forward 
   Center                   Wing                     Time % Phy DF OF 
 1 Nico Hischier            Brady Tkachuk            50     1   2  2  
 2 Tyler Toffoli            James Neal               50     1   2  2  

4 vs 4 Defense
   Defense                  Defense                  Time % Phy DF OF 
 1 Filip Hronek             Nick Leddy               50     1   2  2  
 2 Jakob Chychrun           Erik Gudbranson          50     1   2  2  

Last Minutes Offensive
   Center                   Left Wing                Right Wing               Defense                  Defense                  
   Nico Hischier            Brady Tkachuk            James Neal               Filip Hronek             Nick Leddy               

Last Minutes Defensive
   Center                   Left Wing                Right Wing               Defense                  Defense                  
   Nico Hischier            Brady Tkachuk            James Neal               Filip Hronek             Nick Leddy               

Goaltenders
Starting : Louis Domingue           
Backup : Tristan Jarry            

Extra Forwards
Normal : Jonathan Drouin, Nico Hischier, Brady Tkachuk - PP : Colin White, Miles Wood - PK : Colin White
Extra Defensemen
Normal : Erik Gudbranson, John Moore, Jakob Chychrun - PP : Erik Gudbranson - PK : John Moore, Jakob Chychrun
Penalty Shots
Tyler Toffoli, Brady Tkachuk, James Neal, Nico Hischier, Colin White
Custom OT Lines Forwards
Nico Hischier, Brady Tkachuk, James Neal, Colin White, Tyler Toffoli, Michael Dal Colle, Jonathan Drouin, Andreas Johnsson, Cedric Paquette, Miles Wood
Custom OT Lines Defensemen
Filip Hronek, Nick Leddy, Jakob Chychrun, Nikita Zadorov, Erik Gudbranson

Scratches
None


% Time on Ice - TEXAS TOROS

Lines # - Real PCT - Wanted PCT - Time Play
Normal Forward
1 - 19% - 36% - 9:08
2 - 35% - 31% - 16:46
3 - 20% - 23% - 9:39
4 - 25% - 10% - 11:49
Normal Defense
1 - 31% - 36% - 14:54
2 - 31% - 31% - 14:53
3 - 28% - 23% - 13:24
4 - 9% - 10% - 4:11
PP Forward
1 - 100% - 55% - 0:10
2 - 0% - 45% - 0:00
PP Defense
1 - 100% - 55% - 0:10
2 - 0% - 45% - 0:00
PK Forward
1 - 51% - 55% - 5:29
2 - 49% - 45% - 5:10
PK Defense
1 - 47% - 55% - 5:00
2 - 53% - 45% - 5:39
PK3 Forward
1 - 0% - 55%
2 - 0% - 45%
PK3 Defense
1 - 0% - 55%
2 - 0% - 45%
44 Forward
1 - 67% - 55% - 1:13
2 - 33% - 45% - 0:36
44 Defense
1 - 86% - 55% - 1:34
2 - 14% - 45% - 0:15
Last Minute Offensive  - 0:00
Last Minute Defensive  - 0:00
Total
Forward - 60:00
Defense - 60:00

% Time on Ice - OAKLAND GORILLAS

Lines # - Real PCT - Wanted PCT - Time Play
Normal Forward
1 - 29% - 29% - 13:51
2 - 30% - 29% - 14:22
3 - 29% - 29% - 13:56
4 - 11% - 13% - 5:13
Normal Defense
1 - 33% - 36% - 15:40
2 - 34% - 33% - 15:57
3 - 27% - 21% - 12:59
4 - 6% - 10% - 2:46
PP Forward
1 - 58% - 55% - 6:13
2 - 42% - 45% - 4:26
PP Defense
1 - 49% - 60% - 5:10
2 - 51% - 40% - 5:29
PK Forward
1 - 40% - 50% - 0:04
2 - 60% - 50% - 0:06
PK Defense
1 - 100% - 50% - 0:10
2 - 0% - 50% - 0:00
PK3 Forward
1 - 0% - 55%
2 - 0% - 45%
PK3 Defense
1 - 0% - 55%
2 - 0% - 45%
44 Forward
1 - 71% - 50% - 1:17
2 - 29% - 50% - 0:32
44 Defense
1 - 71% - 50% - 1:17
2 - 29% - 50% - 0:32
Last Minute Offensive  - 0:00
Last Minute Defensive  - 0:00
Total
Forward - 60:00
Defense - 60:00

Play-by-Play

1st period


0:01 of 1st period - Nazem Kadri wins face-off versus Nico Hischier in neutral zone.
0:04 of 1st period - Shot by Jake Virtanen.
0:04 of 1st period - Stopped by Louis Domingue without a rebound.
0:05 of 1st period - Valtteri Filppula wins face-off versus Colin White in OAKLAND GORILLAS zone.
0:09 of 1st period - Nick Cousins is hit by Jakob Chychrun and loses puck.
0:14 of 1st period - Shot by Conor Sheary.
0:14 of 1st period - Shot Blocked by Nikita Zadorov.
0:16 of 1st period - Shot by Conor Sheary.
0:16 of 1st period - Shot Misses the Net.
0:42 of 1st period - Shot by Tyler Toffoli.
0:42 of 1st period - Shot Misses the Net.
0:49 of 1st period - Valtteri Filppula is hit by Nikita Zadorov and loses puck.
1:14 of 1st period - Shot by Alexander Nylander.
1:14 of 1st period - Stopped by Mikko Koskinen without a rebound.
1:15 of 1st period - James Neal wins face-off versus Brock McGinn in TEXAS TOROS zone.
1:28 of 1st period - Shot by Brady Tkachuk.
1:28 of 1st period - Shot Misses the Net.
1:38 of 1st period - Shot by Brady Tkachuk.
1:38 of 1st period - Shot Misses the Net.
2:04 of 1st period - Off-side.
2:05 of 1st period - Cedric Paquette wins face-off versus John Quenneville in neutral zone.
2:27 of 1st period - Shot by Filip Hronek.
2:27 of 1st period - Stopped by Mikko Koskinen without a rebound.
2:28 of 1st period - Valtteri Filppula wins face-off versus Devin Shore in TEXAS TOROS zone.
4:00 of 1st period - Shot by Jake Virtanen.
4:00 of 1st period - Shot Misses the Net.
4:59 of 1st period - Shot by Brady Tkachuk.
4:59 of 1st period - Stopped by Mikko Koskinen without a rebound.
5:00 of 1st period - Colin White wins face-off versus Barrett Hayton in TEXAS TOROS zone.
5:11 of 1st period - Shot by Tyler Toffoli.
5:11 of 1st period - Stopped by Mikko Koskinen without a rebound.
5:12 of 1st period - Nico Hischier wins face-off versus John Quenneville in TEXAS TOROS zone.
5:41 of 1st period - Shot by Nico Hischier.
5:41 of 1st period - Shot Misses the Net.
5:46 of 1st period - Icing by Braydon Coburn.
5:47 of 1st period - Nazem Kadri wins face-off versus Colin White in TEXAS TOROS zone.
6:11 of 1st period - Shot by Andreas Johnsson.
6:11 of 1st period - Stopped by Mikko Koskinen without a rebound.
6:12 of 1st period - Barrett Hayton wins face-off versus Cedric Paquette in TEXAS TOROS zone.
6:27 of 1st period - Shot by Brock McGinn.
6:27 of 1st period - Stopped by Louis Domingue without a rebound.
6:28 of 1st period - Valtteri Filppula wins face-off versus Colin White in OAKLAND GORILLAS zone.
7:10 of 1st period - Minor Penalty to David Savard for Holding.
7:11 of 1st period - Nazem Kadri wins face-off versus Brady Tkachuk in TEXAS TOROS zone.
7:46 of 1st period - Shot by Nico Hischier.
7:46 of 1st period - Stopped by Mikko Koskinen without a rebound.
7:47 of 1st period - Colin White wins face-off versus Jake Virtanen in TEXAS TOROS zone.
7:47 of 1st period - Colin White is hit by Vince Dunn.
7:53 of 1st period - Shot by Tyler Toffoli.
7:53 of 1st period - Stopped by Mikko Koskinen with a rebound.
9:04 of 1st period - Shot by Nico Hischier.
9:04 of 1st period - Stopped by Mikko Koskinen with a rebound.
9:11 of 1st period - Icing by Brady Tkachuk.
9:12 of 1st period - Jonathan Drouin wins face-off versus Barrett Hayton in OAKLAND GORILLAS zone.
10:07 of 1st period - Shot by Nick Cousins.
10:07 of 1st period - Shot Misses the Net.
10:10 of 1st period - Icing by Nick Leddy.
10:11 of 1st period - Colin White wins face-off versus John Quenneville in OAKLAND GORILLAS zone.
10:11 of 1st period - Colin White is hit by John Quenneville.
10:30 of 1st period - Shot by Nazem Kadri.
10:30 of 1st period - Shot Misses the Net.
10:55 of 1st period - Icing by Nick Leddy.
10:56 of 1st period - Valtteri Filppula wins face-off versus Colin White in OAKLAND GORILLAS zone.
10:57 of 1st period - Shot by Conor Sheary.
10:57 of 1st period - Shot Misses the Net.
10:59 of 1st period - Shot by Valtteri Filppula.
10:59 of 1st period - Stopped by Louis Domingue without a rebound.
11:00 of 1st period - Nico Hischier wins face-off versus Valtteri Filppula in OAKLAND GORILLAS zone.
11:26 of 1st period - Shot by Brady Tkachuk.
11:26 of 1st period - Shot Misses the Net.
11:51 of 1st period - Icing by David Savard.
11:52 of 1st period - Cedric Paquette wins face-off versus Valtteri Filppula in TEXAS TOROS zone.
11:57 of 1st period - Shot by Alexander Nylander.
11:57 of 1st period - Shot Misses the Net.
11:59 of 1st period - Shot by Alexander Nylander.
11:59 of 1st period - Shot Blocked by Tyson Barrie.
12:04 of 1st period - Icing by David Savard.
12:05 of 1st period - Valtteri Filppula wins face-off versus Colin White in TEXAS TOROS zone.
12:31 of 1st period - Shot by Tyler Toffoli.
12:31 of 1st period - Deflect By Andreas Johnsson.
12:31 of 1st period - Stopped by Mikko Koskinen without a rebound.
12:32 of 1st period - Nico Hischier wins face-off versus Nazem Kadri in TEXAS TOROS zone.
12:53 of 1st period - Off-side.
12:54 of 1st period - Cedric Paquette wins face-off versus Barrett Hayton in neutral zone.
12:54 of 1st period - Cedric Paquette is hit by Dale Weise.
12:58 of 1st period - Shot by Alexander Nylander.
12:58 of 1st period - Stopped by Mikko Koskinen without a rebound.
12:59 of 1st period - Nico Hischier wins face-off versus John Quenneville in TEXAS TOROS zone.
13:41 of 1st period - Minor Penalty to Dale Weise for Interference.
13:42 of 1st period - Nazem Kadri wins face-off versus Colin White in TEXAS TOROS zone.
13:51 of 1st period - Shot by Andreas Johnsson.
13:51 of 1st period - Shot Blocked by Madison Bowey.
14:51 of 1st period - Icing by James Neal.
14:52 of 1st period - Nico Hischier wins face-off versus Jake Virtanen in OAKLAND GORILLAS zone.
14:52 of 1st period - Nico Hischier is hit by Jake Virtanen.
14:57 of 1st period - Off-side.
14:58 of 1st period - Nico Hischier wins face-off versus Jake Virtanen in neutral zone.
15:02 of 1st period - Off-side.
15:03 of 1st period - Nazem Kadri wins face-off versus Nico Hischier in neutral zone.
15:21 of 1st period - Icing by Brady Tkachuk.
15:22 of 1st period - Nico Hischier wins face-off versus Jake Virtanen in OAKLAND GORILLAS zone.
16:18 of 1st period - Shot by Jonathan Drouin.
16:18 of 1st period - Stopped by Mikko Koskinen without a rebound.
16:19 of 1st period - Colin White wins face-off versus Valtteri Filppula in TEXAS TOROS zone.
16:22 of 1st period - Shot by Tyler Toffoli.
16:22 of 1st period - Stopped by Mikko Koskinen without a rebound.
16:23 of 1st period - Nico Hischier wins face-off versus Valtteri Filppula in TEXAS TOROS zone.
16:37 of 1st period - Shot by Conor Sheary.
16:37 of 1st period - Shot Misses the Net.
16:48 of 1st period - Brady Tkachuk is hit by David Savard and loses puck.
16:54 of 1st period - Minor Penalty to Nick Cousins for Boarding.
16:55 of 1st period - Nazem Kadri wins face-off versus Colin White in TEXAS TOROS zone.
17:08 of 1st period - Shot by Jakob Chychrun.
17:08 of 1st period - Stopped by Mikko Koskinen without a rebound.
17:09 of 1st period - Nico Hischier wins face-off versus Jake Virtanen in TEXAS TOROS zone.
17:14 of 1st period - Shot by Nico Hischier.
17:14 of 1st period - Shot Misses the Net.
17:26 of 1st period - Shot by Brady Tkachuk.
17:26 of 1st period - Shot Misses the Net.
17:28 of 1st period - Shot by Brady Tkachuk.
17:28 of 1st period - Goal by Brady Tkachuk - TEXAS TOROS : 0 - OAKLAND GORILLAS : 1.
17:29 of 1st period - John Quenneville wins face-off versus Cedric Paquette in neutral zone.
17:29 of 1st period - Nazem Kadri is hit by Cedric Paquette.
17:45 of 1st period - Shot by Nazem Kadri.
17:45 of 1st period - Shot Blocked by John Moore.
18:01 of 1st period - Minor Penalty to Madison Bowey for Slashing.
18:02 of 1st period - Nico Hischier wins face-off versus Nazem Kadri in TEXAS TOROS zone.
18:38 of 1st period - Shot by Nico Hischier.
18:38 of 1st period - Shot Blocked by David Savard.
18:40 of 1st period - Shot by Brady Tkachuk.
18:40 of 1st period - Stopped by Mikko Koskinen without a rebound.
18:41 of 1st period - Colin White wins face-off versus Jake Virtanen in TEXAS TOROS zone.
Goals for this period are 0 for TEXAS TOROS vs 1 for OAKLAND GORILLAS.
Shots for this period are 3 for TEXAS TOROS vs 15 for OAKLAND GORILLAS.

2nd period


0:01 of 2nd period - Colin White wins face-off versus Nazem Kadri in neutral zone.
0:25 of 2nd period - Shot by Jake Virtanen.
0:25 of 2nd period - Shot Misses the Net.
0:27 of 2nd period - Shot by Nazem Kadri.
0:27 of 2nd period - Shot Misses the Net.
0:29 of 2nd period - Shot by Brock McGinn.
0:29 of 2nd period - Deflect By Nazem Kadri.
0:29 of 2nd period - Shot Misses the Net.
1:01 of 2nd period - Shot by Brady Tkachuk.
1:01 of 2nd period - Shot Misses the Net.
1:14 of 2nd period - Shot by Nico Hischier.
1:14 of 2nd period - Shot Misses the Net.
2:06 of 2nd period - Shot by Jonathan Drouin.
2:06 of 2nd period - Shot Misses the Net.
2:08 of 2nd period - Shot by Erik Gudbranson.
2:08 of 2nd period - Stopped by Mikko Koskinen without a rebound.
2:09 of 2nd period - Valtteri Filppula wins face-off versus Miles Wood in TEXAS TOROS zone.
2:42 of 2nd period - Shot by Jakob Chychrun.
2:42 of 2nd period - Shot Misses the Net.
2:44 of 2nd period - Shot by Devin Shore.
2:44 of 2nd period - Shot Misses the Net.
5:02 of 2nd period - Icing by David Savard.
5:03 of 2nd period - John Quenneville wins face-off versus Colin White in TEXAS TOROS zone.
5:55 of 2nd period - Filip Hronek is hit by Dale Weise.
5:59 of 2nd period - Shot by Brock McGinn.
5:59 of 2nd period - Stopped by Louis Domingue without a rebound.
6:00 of 2nd period - Cedric Paquette wins face-off versus Nick Cousins in OAKLAND GORILLAS zone.
6:19 of 2nd period - Shot by Cedric Paquette.
6:19 of 2nd period - Shot Blocked by Braydon Coburn.
6:48 of 2nd period - Icing by Dmitry Kulikov.
6:49 of 2nd period - Nico Hischier wins face-off versus Nazem Kadri in TEXAS TOROS zone.
7:47 of 2nd period - Icing by Jakob Chychrun.
7:48 of 2nd period - Nico Hischier wins face-off versus John Quenneville in OAKLAND GORILLAS zone.
7:48 of 2nd period - Nico Hischier is hit by Nazem Kadri.
8:08 of 2nd period - Shot by Sven Baertschi.
8:08 of 2nd period - Stopped by Louis Domingue with a rebound.
8:37 of 2nd period - Shot by Nick Cousins.
8:37 of 2nd period - Stopped by Louis Domingue without a rebound.
8:38 of 2nd period - Cedric Paquette wins face-off versus Dale Weise in OAKLAND GORILLAS zone.
9:51 of 2nd period - Michael Dal Colle is hit by Nick Cousins.
9:55 of 2nd period - Filip Hronek is hit by Conor Sheary and loses puck.
10:06 of 2nd period - Shot by Nick Cousins.
10:06 of 2nd period - Deflect By Valtteri Filppula.
10:06 of 2nd period - Shot Blocked by Filip Hronek.
10:08 of 2nd period - Shot by Madison Bowey.
10:08 of 2nd period - Shot Misses the Net.
10:10 of 2nd period - Shot by Madison Bowey.
10:10 of 2nd period - Shot Misses the Net.
10:12 of 2nd period - Shot by Dmitry Kulikov.
10:12 of 2nd period - Shot Misses the Net.
10:32 of 2nd period - James Neal is hit by Nick Cousins and loses puck.
11:03 of 2nd period - Nazem Kadri is hit by James Neal.
11:05 of 2nd period - Shot by Tyson Barrie.
11:05 of 2nd period - Shot Misses the Net.
12:09 of 2nd period - Shot by Jonathan Drouin.
12:09 of 2nd period - Stopped by Mikko Koskinen without a rebound.
12:10 of 2nd period - Cedric Paquette wins face-off versus Barrett Hayton in TEXAS TOROS zone.
14:00 of 2nd period - Shot by Brady Tkachuk.
14:00 of 2nd period - Shot Blocked by Nick Cousins.
14:15 of 2nd period - Tyler Toffoli is hit by Madison Bowey and loses puck.
14:36 of 2nd period - Shot by Colin White.
14:36 of 2nd period - Stopped by Mikko Koskinen with a rebound.
15:09 of 2nd period - Jake Virtanen is hit by Devin Shore and loses puck.
15:10 of 2nd period - Minor Penalty to Michael Dal Colle for Roughing.
15:11 of 2nd period - Nico Hischier wins face-off versus Nazem Kadri in OAKLAND GORILLAS zone.
15:20 of 2nd period - Minor Penalty to Jake Virtanen for Holding.
15:21 of 2nd period - Nico Hischier wins face-off versus Dale Weise in TEXAS TOROS zone.
15:36 of 2nd period - Shot by Brady Tkachuk.
15:36 of 2nd period - Stopped by Mikko Koskinen with a rebound.
16:37 of 2nd period - Off-side.
16:38 of 2nd period - Valtteri Filppula wins face-off versus Tyler Toffoli in neutral zone.
16:40 of 2nd period - Off-side.
16:41 of 2nd period - Tyler Toffoli wins face-off versus Nazem Kadri in neutral zone.
16:46 of 2nd period - Shot by Tyler Toffoli.
16:46 of 2nd period - Shot Misses the Net.
16:48 of 2nd period - Shot by Tyler Toffoli.
16:48 of 2nd period - Shot Misses the Net.
16:50 of 2nd period - Shot by Jakob Chychrun.
16:50 of 2nd period - Shot Blocked by Madison Bowey.
16:52 of 2nd period - Shot by Tyler Toffoli.
16:52 of 2nd period - Stopped by Mikko Koskinen without a rebound.
16:53 of 2nd period - Nazem Kadri wins face-off versus Tyler Toffoli in TEXAS TOROS zone.
17:15 of 2nd period - Shot by Tyler Toffoli.
17:15 of 2nd period - Deflect By Colin White.
17:15 of 2nd period - Shot Misses the Net.
17:29 of 2nd period - Shot by Alexander Nylander.
17:29 of 2nd period - Stopped by Mikko Koskinen without a rebound.
17:30 of 2nd period - Devin Shore wins face-off versus Nazem Kadri in TEXAS TOROS zone.
17:30 of 2nd period - Minor Penalty to Dante Fabbro for Holding.
17:31 of 2nd period - Nazem Kadri wins face-off versus Nico Hischier in TEXAS TOROS zone.
17:31 of 2nd period - Nazem Kadri is hit by Brady Tkachuk.
18:51 of 2nd period - Shot by Colin White.
18:51 of 2nd period - Stopped by Mikko Koskinen without a rebound.
18:52 of 2nd period - Nazem Kadri wins face-off versus Nico Hischier in TEXAS TOROS zone.
19:59 of 2nd period - Icing by Braydon Coburn.
Goals for this period are 0 for TEXAS TOROS vs 0 for OAKLAND GORILLAS.
Shots for this period are 3 for TEXAS TOROS vs 7 for OAKLAND GORILLAS.

3rd period


0:01 of 3rd period - Nazem Kadri wins face-off versus Brady Tkachuk in neutral zone.
0:15 of 3rd period - Nazem Kadri is hit by Nick Leddy.
0:23 of 3rd period - Shot by Jake Virtanen.
0:23 of 3rd period - Shot Blocked by Nico Hischier.
0:25 of 3rd period - Shot by Jake Virtanen.
0:25 of 3rd period - Shot Misses the Net.
0:27 of 3rd period - Shot by David Savard.
0:27 of 3rd period - Stopped by Louis Domingue without a rebound.
0:28 of 3rd period - Valtteri Filppula wins face-off versus Colin White in OAKLAND GORILLAS zone.
0:51 of 3rd period - Shot by Colin White.
0:51 of 3rd period - Shot Misses the Net.
1:02 of 3rd period - Colin White is hit by Dmitry Kulikov and loses puck.
1:23 of 3rd period - Brady Tkachuk is hit by Nick Cousins and loses puck.
1:34 of 3rd period - Shot by James Neal.
1:34 of 3rd period - Stopped by Mikko Koskinen without a rebound.
1:35 of 3rd period - Nazem Kadri wins face-off versus Jonathan Drouin in TEXAS TOROS zone.
1:56 of 3rd period - Shot by Nazem Kadri.
1:56 of 3rd period - Shot Blocked by Erik Gudbranson.
2:37 of 3rd period - Shot by Nico Hischier.
2:37 of 3rd period - Shot Misses the Net.
2:48 of 3rd period - Shot by James Neal.
2:48 of 3rd period - Shot Blocked by David Savard.
2:50 of 3rd period - Shot by Nico Hischier.
2:50 of 3rd period - Stopped by Mikko Koskinen without a rebound.
2:51 of 3rd period - Colin White wins face-off versus Valtteri Filppula in TEXAS TOROS zone.
2:51 of 3rd period - Andreas Johnsson is hit by Vince Dunn and loses puck.
3:20 of 3rd period - Shot by Valtteri Filppula.
3:20 of 3rd period - Shot Misses the Net.
3:37 of 3rd period - Dale Weise is hit by Nikita Zadorov and loses puck.
4:42 of 3rd period - Shot by Valtteri Filppula.
4:42 of 3rd period - Stopped by Louis Domingue without a rebound.
4:43 of 3rd period - Cedric Paquette wins face-off versus Nazem Kadri in OAKLAND GORILLAS zone.
5:32 of 3rd period - Nick Cousins is hit by Nikita Zadorov and loses puck.
5:52 of 3rd period - Shot by Devin Shore.
5:52 of 3rd period - Shot Misses the Net.
6:02 of 3rd period - Shot by Devin Shore.
6:02 of 3rd period - Goal by Devin Shore - TEXAS TOROS : 0 - OAKLAND GORILLAS : 2.
6:03 of 3rd period - Nico Hischier wins face-off versus John Quenneville in neutral zone.
6:16 of 3rd period - Shot by Filip Hronek.
6:16 of 3rd period - Shot Misses the Net.
6:20 of 3rd period - Shot by James Neal.
6:20 of 3rd period - Deflect By Brady Tkachuk.
6:20 of 3rd period - Stopped by Mikko Koskinen without a rebound.
6:21 of 3rd period - Colin White wins face-off versus Brock McGinn in TEXAS TOROS zone.
6:35 of 3rd period - Barrett Hayton is hit by Erik Gudbranson and loses puck.
6:41 of 3rd period - Colin White is hit by Braydon Coburn and loses puck.
6:47 of 3rd period - Erik Gudbranson is hit by Braydon Coburn and loses puck.
7:00 of 3rd period - Shot by Tyler Toffoli.
7:00 of 3rd period - Deflect By Andreas Johnsson.
7:00 of 3rd period - Stopped by Mikko Koskinen without a rebound.
7:01 of 3rd period - Nazem Kadri wins face-off versus Jonathan Drouin in TEXAS TOROS zone.
7:08 of 3rd period - Filip Hronek is hit by John Quenneville and loses puck.
7:09 of 3rd period - Minor Penalty to John Quenneville for Cross-checking.
7:10 of 3rd period - Nazem Kadri wins face-off versus Nico Hischier in TEXAS TOROS zone.
7:10 of 3rd period - Nazem Kadri is hit by Brady Tkachuk.
9:40 of 3rd period - Shot by Jonathan Drouin.
9:40 of 3rd period - Shot Misses the Net.
9:42 of 3rd period - Shot by Alexander Nylander.
9:42 of 3rd period - Shot Misses the Net.
9:44 of 3rd period - Shot by Jakob Chychrun.
9:44 of 3rd period - Shot Blocked by Vince Dunn.
10:18 of 3rd period - Shot by Michael Dal Colle.
10:18 of 3rd period - Shot Hit the Post.
11:00 of 3rd period - Shot by Nico Hischier.
11:00 of 3rd period - Goal by Nico Hischier - TEXAS TOROS : 0 - OAKLAND GORILLAS : 3.
11:01 of 3rd period - Valtteri Filppula wins face-off versus Colin White in neutral zone.
11:10 of 3rd period - Shot by Nick Cousins.
11:10 of 3rd period - Stopped by Louis Domingue without a rebound.
11:11 of 3rd period - Cedric Paquette wins face-off versus John Quenneville in OAKLAND GORILLAS zone.
11:11 of 3rd period - Cedric Paquette is hit by Nazem Kadri.
11:29 of 3rd period - Shot by Cedric Paquette.
11:29 of 3rd period - Stopped by Mikko Koskinen with a rebound.
11:31 of 3rd period - Shot by Cedric Paquette.
11:31 of 3rd period - Shot Misses the Net.
12:01 of 3rd period - Tyson Barrie is hit by Erik Gudbranson and loses puck.
12:08 of 3rd period - David Savard is hit by Brady Tkachuk and loses puck.
13:10 of 3rd period - Shot by Nick Cousins.
13:10 of 3rd period - Deflect By Valtteri Filppula.
13:10 of 3rd period - Shot Blocked by Jakob Chychrun.
13:34 of 3rd period - Icing by Tyler Toffoli.
13:35 of 3rd period - Valtteri Filppula wins face-off versus Colin White in OAKLAND GORILLAS zone.
14:28 of 3rd period - Conor Sheary is hit by Cedric Paquette.
15:31 of 3rd period - Nazem Kadri is hit by Erik Gudbranson and loses puck.
15:54 of 3rd period - Nikita Zadorov is hit by John Quenneville and loses puck.
16:29 of 3rd period - Shot by Nick Cousins.
16:29 of 3rd period - Shot Misses the Net.
16:31 of 3rd period - Shot by Tyson Barrie.
16:31 of 3rd period - Stopped by Louis Domingue without a rebound.
16:32 of 3rd period - Tyler Toffoli wins face-off versus Barrett Hayton in OAKLAND GORILLAS zone.
16:37 of 3rd period - Shot by Tyler Toffoli.
16:37 of 3rd period - Stopped by Mikko Koskinen with a rebound.
16:45 of 3rd period - Shot by Vince Dunn.
16:45 of 3rd period - Stopped by Louis Domingue without a rebound.
16:46 of 3rd period - Nazem Kadri wins face-off versus Nico Hischier in OAKLAND GORILLAS zone.
17:03 of 3rd period - Shot by Nazem Kadri.
17:03 of 3rd period - Shot Hit the Post.
17:05 of 3rd period - Shot by Dmitry Kulikov.
17:05 of 3rd period - Shot Misses the Net.
17:14 of 3rd period - Shot by Nazem Kadri.
17:14 of 3rd period - Goal by Nazem Kadri - TEXAS TOROS : 1 - OAKLAND GORILLAS : 3.
17:15 of 3rd period - Colin White wins face-off versus Valtteri Filppula in neutral zone.
17:41 of 3rd period - Shot by Colin White.
17:41 of 3rd period - Stopped by Mikko Koskinen without a rebound.
17:42 of 3rd period - Cedric Paquette wins face-off versus Sven Baertschi in TEXAS TOROS zone.
17:42 of 3rd period - Cedric Paquette is hit by Vince Dunn.
18:06 of 3rd period - Shot by Cedric Paquette.
18:06 of 3rd period - Shot Blocked by Braydon Coburn.
19:14 of 3rd period - Filip Hronek is hit by Dale Weise and loses puck.
19:33 of 3rd period - Shot by Conor Sheary.
19:33 of 3rd period - Shot Misses the Net.
19:35 of 3rd period - Shot by Valtteri Filppula.
19:35 of 3rd period - Shot Misses the Net.
19:37 of 3rd period - Shot by Dmitry Kulikov.
19:37 of 3rd period - Shot Blocked by Nick Leddy.
19:39 of 3rd period - Shot by Valtteri Filppula.
19:39 of 3rd period - Deflect By Nick Cousins.
19:39 of 3rd period - Stopped by Louis Domingue without a rebound.
19:40 of 3rd period - Nico Hischier wins face-off versus Nazem Kadri in OAKLAND GORILLAS zone.
Goals for this period are 1 for TEXAS TOROS vs 2 for OAKLAND GORILLAS.
Shots for this period are 7 for TEXAS TOROS vs 9 for OAKLAND GORILLAS.


DARCY
KUEMPER
JAKE
OETTINGER
NINO
NIEDERREITER

EAST COAST

HOCKEY LEAGUE

  • 1.CHI2QUE4
  • 2.LIM2CHA3
  • 3.LON3TRV5
  • 4.BAL5CHW6
  • 5.MANPIT
  • 6.NHWATL
  • 7.PETWOR
  • 8.RHI